 Dungeon Sprint DCSS version 0.27.1 (webtiles) character file.

Game seed: 15023763442139960823

208180 sasquatch the Axe Maniac (level 27, -5/224 HPs)
             Began as a Formicid Fighter on Aug 26, 2021.
             Was the Champion of the Shining One.
             Killed from afar by an orb of fire (7 damage)
             ... with a fireball
             ... in the Dungeon (Sprint VI: "Thunderdome").
             The game lasted 01:29:57 (5974 turns).

sasquatch the Axe Maniac (Formicid Fighter)         Turns: 5974, Time: 01:29:57

Health: -5/224     AC: 53    Str: 37    XL:     27
Magic:  32/36      EV: 24    Int: 11    God:    the Shining One [******]
Gold:   8160       SH: 38    Dex: 14    Spells: 26/26 levels left

rFire    + . .     SeeInvis +   o - +9 executioner's axe (holy)
rCold    + . .     Faith    .   v - +4 tower shield "Lemiliunn" {rF- Str+4 Dex+2}
rNeg     + + +     Spirit   .   x - +12 gold dragon scales
rPois    +         Reflect  +   (helmet unavailable)
rElec    +         Harm     .   G - +4 dragonskin cloak
rCorr    +         Rampage  .   p - +2 pair of gloves "Xopey" {rF+ Int+2 Dex+4}
Will     +++..                  n - +0 pair of boots "Jabenn" {Str+3}
Stlth    ..........             D - amulet "Caits" {Reflect -Tele Regen+ Dex+2 SH+5 SInv}
HPRegen  1.47/turn              m - ring of Xemushra {Fly rPois rCorr Int+4 Slay+6}
MPRegen  0.25/turn              t - ring "Veinurgh" {rElec EV+4 Str+2 Int-3 Slay+5}

@: mighty, flying, glowing, studying Maces & Flails
A: permanent stasis, dig shafts and tunnels, antennae 3, four strong arms,
iridescent scales 1, clumsy 2, dopey 1, frail 1, low mp 1, strong-willed 1,
mutation resistance 1, screaming 1, weak 2, no potion heal 1, subdued magic 1
}: 6/15 runes: decaying, barnacled, slimy, silver, glowing, mossy
a: Dig, Renounce Religion, Divine Shield, Cleansing Flame, Summon Divine Warrior


You were in the Dungeon.
You worshipped the Shining One.
The Shining One was exalted by your worship.
You visited 1 branch You collected 24900 gold pieces.
You spent 16740 gold pieces at shops.

Inventory:

Hand Weapons
 o - a +9 executioner's axe of holy wrath (weapon)
 F - a +9 executioner's axe of freezing
Missiles
 s - 3 javelins
 u - a curare-tipped dart (quivered)
 w - 4 poisoned darts
Armour
 j - the +2 pair of gloves of the Lizard {+Blink rC+ Dex+3 Stlth+}
   (You bought it in a shop in the Dungeon)

   Dex:       It affects your dexterity (+3).
   rC:        It protects you from cold.
   +Blink:    It lets you blink.
   Stlth:     It makes you more stealthy.
 n - the +0 pair of boots "Jabenn" (worn) {Str+3}
   (You bought it in a shop in the Dungeon)

   Str:       It affects your strength (+3).
 p - the +2 pair of gloves "Xopey" (worn) {rF+ Int+2 Dex+4}
   (You bought it in a shop in the Dungeon)

   Int:       It affects your intelligence (+2).
   Dex:       It affects your dexterity (+4).
   rF:        It protects you from fire.
 v - the +4 tower shield "Lemiliunn" (worn) {rF- Str+4 Dex+2}
   (You bought it in a shop in the Dungeon)

   Str:       It affects your strength (+4).
   Dex:       It affects your dexterity (+2).
   rF:        It makes you vulnerable to fire.
 x - +12 gold dragon scales (worn)
 G - the +4 dragonskin cloak (worn)
   (You took it off Tiamat in the Dungeon)

   It grants the wearer a chance to resist fire, cold, poison, electricity,
   acid, and negative energy.
Jewellery
 m - the ring of Xemushra (left hand) {Fly rPois rCorr Int+4 Slay+6}
   (You bought it in a shop in the Dungeon)

   [ring of flight]

   Int:       It affects your intelligence (+4).
   Slay:      It affects your accuracy & damage with ranged weapons and melee
   (+6).
   rPois:     It protects you from poison.
   Fly:       It grants you flight.
   rCorr:     It protects you from acid and corrosion.
 t - the ring "Veinurgh" (right hand) {rElec EV+4 Str+2 Int-3 Slay+5}
   (You bought it in a shop in the Dungeon)

   [ring of evasion]

   EV:        It affects your evasion (+4).
   Str:       It affects your strength (+2).
   Int:       It affects your intelligence (-3).
   Slay:      It affects your accuracy & damage with ranged weapons and melee
   (+5).
   rElec:     It insulates you from electricity.
 A - the amulet of Pithroxt {Acrobat Regen+ Str+2 Stlth+}
   (You bought it in a shop in the Dungeon)

   [amulet of the acrobat]

   It increases your evasion while moving and waiting.
   Str:       It affects your strength (+2).
   Regen:     It increases your rate of health regeneration.
   Stlth:     It makes you more stealthy.
 B - the ring of the Duke {+Blink rC+ Slay+3}
   (You bought it in a shop in the Dungeon)

   [ring of protection from cold]

   Slay:      It affects your accuracy & damage with ranged weapons and melee
   (+3).
   rC:        It protects you from cold.
   +Blink:    It lets you blink.
 C - the ring "Qaanwadwa" {rN+ Will+ Dex+4 Stlth-}
   (You bought it in a shop in the Dungeon)

   [ring of positive energy]

   Dex:       It affects your dexterity (+4).
   rN:        It protects you from negative energy.
   Will:      It increases your willpower.
   Stlth:     It makes you less stealthy.
 D - the amulet "Caits" (around neck) {Reflect -Tele Regen+ Dex+2 SH+5 SInv}
   (You bought it in a shop in the Dungeon)

   [amulet of reflection]

   It reflects blocked missile attacks.
   Dex:       It affects your dexterity (+2).
   SInv:      It lets you see invisible.
   -Tele:     It prevents most forms of teleportation.
   Regen:     It increases your rate of health regeneration.
   SH:        It affects your SH (+5).
Wands
 h - a wand of acid (5)
 i - a wand of iceblast (5)
 r - a wand of flame (9)
Scrolls
 b - 6 scrolls of silence
 g - 4 scrolls of enchant armour
 k - 28 scrolls of fog
 H - a scroll of enchant weapon
Potions
 a - 2 potions of mutation
 d - 9 potions of might
 e - 21 potions of curing
 f - 24 potions of heal wounds
 l - 12 potions of attraction
 z - 7 potions of resistance
Miscellaneous
 c - a quad damage
 q - a quad damage
 y - a lightning rod (4/4)
 E - a quad damage


   Skills:
 O Level 27 Fighting
 O Level 27 Axes
 - Level 15.0 Throwing
 O Level 27 Armour
 O Level 27 Dodging
 + Level 12.7 Stealth
 O Level 27 Shields
 O Level 27 Invocations
 + Level 17.7 Evocations


You had 26 spell levels left.
You didn't know any spells.
Your spell library was empty.

Dungeon Overview and Level Annotations

Branches:
Dungeon (1/1)

Altars:
Cheibriados
Dithmenos
Fedhas
Gozag
Kikubaaqudgha
Makhleb
Okawaru
Qazlal
Ru
Sif Muna
Trog
Uskayaw
Vehumet
Wu Jian
Xom
Yredelemnul
Zin
The Shining One
Beogh
Jiyva
Lugonu

Shops:
D [??*?*:[((!!!


Innate Abilities, Weirdness & Mutations

You cannot be hasted, slowed, berserked, paralysed or teleported.
You can dig through walls and to a lower floor.
You have a pair of large antennae on your head. (SInv)
Your four strong arms can wield two-handed weapons with a shield.
You are partially covered in iridescent scales. (AC +2)
You are very clumsy. (Dex -4)
You are dopey. (Int -2)
You are frail. (-10% HP)
Your magical capacity is low. (-10% MP)
You are strong-willed. (Will+)
You are somewhat resistant to further mutation.
You occasionally shout uncontrollably at your foes.
You are very weak. (Str -4)
Potions are less effective at restoring your health.
Your spells are a little easier to cast, but a little less powerful.


Message History

Your body is wracked with pain!
* * * LOW HITPOINT WARNING * * *
The orb of fire glows bright magenta.
Strange energies course through your body.
You feel odd for a moment.
Your system partially rejects the healing.
You feel much better.
A Brimstone Fiend comes into view.
You yell at the Brimstone Fiend!
The fire giant points at you and mumbles some strange words.
The bolt of fire hits the orb of fire.
The orb of fire completely resists.
The bolt of fire hits the orb of fire.
The orb of fire completely resists.
The bolt of fire misses you.
The bolt of fire hits the orb of fire.
The orb of fire completely resists.
You barely miss the orb of fire.
The orb of fire is severely damaged.
You slice the orb of fire!!
A hellion comes into view.
The orb of fire emits a lurid red light.
The fireball explodes!
The fireball engulfs you! You resist.
* * * LOW HITPOINT WARNING * * *
The fireball engulfs the orb of fire.
The orb of fire completely resists.
The fireball engulfs the orb of fire.
The orb of fire completely resists.
A fire giant comes into view.
It is wielding a +1 great sword of flaming.
Your system partially rejects the healing.
You feel much better.
The orb of fire glows red.
The bolt of fire hits you!! You resist.
* * * LOW HITPOINT WARNING * * *
The bolt of fire hits the orb of fire.
The orb of fire completely resists.
The orb of fire emits a lurid red light.
The fireball explodes!
The fireball engulfs you! You resist.
* * * LOW HITPOINT WARNING * * *
The fireball engulfs the orb of fire.
The orb of fire completely resists.
The fireball engulfs the orb of fire.
The orb of fire completely resists.
The orb of fire emits a lurid red light.
The fireball explodes!
The fireball engulfs the orb of fire.
The orb of fire completely resists.
The fireball engulfs the orb of fire.
The orb of fire completely resists.
The fireball engulfs you! You resist.
You die...

#_....1...# ###..)...).)###
#⌠....((.(.[[⌠#
######.8..C...((.8[######
##.___....(1###...[..___∩##
###"..(...)181# #}8[.[....(∩###
##....).().){**###)12....[.....#
#⌠.....[.).)###*.(###...)..)...⌠
#⌠..)[..)[..# #@1)# #..))[..(..⌠
#⌠..........###*)[###)"......[.⌠
##........(...*###1)[..........#
###∩[.......8C# #.8[).....!∩###
##∩___[..).)###....[.___∩##
######.8...[[.)..8.######
#⌠)..........⌠# ###..).....)###
#_..)...._#


You could see 4 orbs of fire, 5 Brimstone Fiends, 2 fire giants and a hellion.

Vanquished Creatures
  Mara (D)
  Mnoleg (D)
  2 ancient liches (D)
  Tiamat (D)
  5 orbs of fire (D)
  A juggernaut (D)
  Agnes (D)
  A Killer Klown (D)
  A great orb of eyes (D)
  Geryon (D)
  2 bone dragons (D)
  2 Tzitzimimeh (D)
  4 electric golems (D)
  5 Brimstone Fiends (D)
  16 tentacled monstrosities (D)
  A doom hound (D)
  2 liches (D)
  5 Orb Guardians (D)
  An eldritch tentacle (D)
  6 death cobs (D)
  An acid blob (D)
  2 shadow dragons (D)
  7 nagarajas (D)
  A merfolk avatar (D)
  4 fire giants (D)
  7 balrugs (D)
  2 ghouls (D)
  5 reapers (D)
  Nessos (D)
  5 deep elf death magi (D)
  A green death (D)
  15 ettins (D)
  4 yaktaur captains (D)
  A vault guard (D)
  A naga warrior (D)
  A wizard (D)
  2 centaur warriors (D)
  2 death knights (D)
  4 anacondas (D)
  A dancing weapon (D)
  3 death yaks (D)
  2 shock serpents (D)
  A hell knight (D)
  A deep elf knight (D)
  2 soul eaters (D)
  8 sun demons (D)
  A skeletal warrior (D)
  4 death drakes (D)
  A naga ritualist (D)
  A deep elf archer (D)
  3 phantasmal warriors (D)
  2 deep elf zephyrmancers (D)
  39 shining eyes (D)
  A harpy (D)
  A faun (D)
  6 ugly things (D)
  7 moths of wrath (D)
  2 naga magi (D)
  An eye of devastation (D)
  6 guardian serpents (D)
  A freezing wraith (D)
  3 hellions (D)
  2 kobold demonologists (D)
  An ice devil (D)
  8 yaktaurs (D)
  A red devil (D)
  A blink frog (shapeshifter) (D)
  3 air elementals (D)
  Sigmund (D)
  A vampire (D)
  A fire elemental (D)
  32 neqoxecs (D)
  2 steam dragons (D)
  2 sky beasts (D)
  4 ice beasts (D)
  8 dwarves (D)
  9 centaurs (D)
  2 kobold brigands (D)
  Blork the orc (D)
  3 earth elementals (D)
  3 wights (D)
  2 orc wizards (D)
  A hell rat (D)
  A mummy (D)
  An adder (D)
  An adder zombie (D)
  An adder simulacrum (D)
  3 orcs (D)
  A ball python (D)
  A giant cockroach (D)
  A jackal (D)
  2 kobolds (D)
  A ball python simulacrum (D)
  A jackal skeleton (D)
324 creatures vanquished.

Vanquished Creatures (collateral kills)
  A death knight (D)
  An ugly thing (D)
2 creatures vanquished.

Vanquished Creatures (others)
  A naga warrior (D)
1 creature vanquished.

Grand Total: 327 creatures vanquished

Notes
Turn   | Place    | Note
-------+----------+-------------------------------------------
     0 | D        | sasquatch the Formicid Fighter began the quest for the Orb.
     0 | D        | Reached XP level 1. HP: 18/18 MP: 1/1
     1 | D        | Found a radiant altar of Vehumet.
     3 | D        | Found a snail-covered altar of Cheibriados.
     3 | D        | Found an ancient bone altar of Kikubaaqudgha.
     5 | D        | Found a basalt altar of Yredelemnul.
     5 | D        | Found a hide-covered altar of Uskayaw.
     5 | D        | Round 1.
     6 | D        | Found a glowing golden altar of the Shining One.
     7 | D        | Found an ornate altar of the Wu Jian Council.
     7 | D        | Found a burning altar of Makhleb.
     8 | D        | Found Ycride Reaqo's Identification Station.
     8 | D        | Found a blossoming altar of Fedhas.
     8 | D        | Found a viscous altar of Jiyva.
     9 | D        | Found Ymnuwuih's Advanced Armour.
     9 | D        | Found Yturhun's Jewellery.
    15 | D        | Became a worshipper of the Shining One
    25 | D        | Bought a bound jade ring for 45 gold pieces
    25 | D        | Identified the ring of the Present {Wiz rPois rN+} (You
                  | bought it in a shop in the Dungeon)
    25 | D        | Bought an ancient granite ring for 45 gold pieces
    25 | D        | Identified the ring "Pedon" {Contam EV+4 Int+4 Stlth+} (You
                  | bought it in a shop in the Dungeon)
    25 | D        | Bought a bound garnet amulet for 45 gold pieces
    25 | D        | Identified the amulet of Ystemuavi {Spirit +Blink rC++
                  | Dex+4} (You bought it in a shop in the Dungeon)
    32 | D        | Bought a bound silver ring for 45 gold pieces
    32 | D        | Identified the ring "Jesaof" {Wiz Dex+2} (You bought it in
                  | a shop in the Dungeon)
    38 | D        | Found a sacrificial altar of Ru.
    38 | D        | Found an iron altar of Okawaru.
    38 | D        | Found Soyt's Magic Scroll Shop.
    38 | D        | Found Apsaw's Magic Scroll Shop.
    39 | D        | Found Feokho's Must-Have Magic.
    40 | D        | Found a corrupted altar of Lugonu.
    40 | D        | Found a shadowy altar of Dithmenos.
    40 | D        | Found Lomuy's Staff Store.
    48 | D        | Reached skill level 5 in Shields
    48 | D        | Reached XP level 2. HP: 24/24 MP: 2/2
    61 | D        | Noticed Sigmund
    73 | D        | Killed Sigmund
    74 | D        | Reached XP level 3. HP: 16/29 MP: 1/3
    74 | D        | Reached XP level 4. HP: 19/35 MP: 1/4
    74 | D        | Reached XP level 5. HP: 23/41 MP: 1/5
    74 | D        | Found a glowing silver altar of Zin.
    75 | D        | Found an opulent altar of Gozag.
   109 | D        | Reached * piety under the Shining One
   114 | D        | Arena points: 12 (+12) [x2]
   178 | D        | Found a shimmering blue altar of Sif Muna.
   178 | D        | Found a shimmering altar of Xom.
   179 | D        | Found a stormy altar of Qazlal.
   179 | D        | Round 2.
   180 | D        | Found Wetuykh's Weapon Rack.
   180 | D        | Found Sedipiwk's Premium Goods.
   181 | D        | Found Geentoyh's Basic Armour.
   181 | D        | Found Rinweut's Miscellaneous Merchandise.
   202 | D        | Found a bloodstained altar of Trog.
   203 | D        | Found Qaicva's Do-It-Yourself Clinic.
   203 | D        | Found Xoybeel's Distillery.
   220 | D        | Reached XP level 6. HP: 45/47 MP: 4/6
   221 | D        | Found Xiovynod's Bottled Wisdom.
   221 | D        | Found Zeulu's Distillery.
   241 | D        | Noticed Blork the orc
   250 | D        | Killed Blork the orc
   251 | D        | Reached skill level 10 in Axes
   332 | D        | Arena points: 54 (+42) [x3]
   349 | D        | Round 3.
   361 | D        | Noticed an ice beast
   369 | D        | Killed an ice beast
   370 | D        | Reached XP level 7. HP: 49/52 MP: 7/7
   370 | D        | Reached ** piety under the Shining One
   386 | D        | Reached *** piety under the Shining One
   433 | D        | Arena points: 138 (+84) [x4]
   475 | D        | Round 4.
   478 | D        | Noticed a kobold demonologist
   478 | D        | Reached **** piety under the Shining One
   492 | D        | Reached XP level 8. HP: 37/58 MP: 6/8
   499 | D        | Killed a kobold demonologist
   500 | D        | Reached skill level 15 in Axes
   500 | D        | Noticed a kobold demonologist
   519 | D        | Reached ***** piety under the Shining One
   533 | D        | Noticed a smoke demon
   533 | D        | Killed a kobold demonologist
   533 | D        | Arena points: 278 (+140) [x5]
   541 | D        | Bought a pair of distressingly furry gloves for 332 gold
                  | pieces
   541 | D        | Identified the +2 pair of gloves of the Lizard {+Blink rC+
                  | Dex+3 Stlth+} (You bought it in a shop in the Dungeon)
   554 | D        | Round 5.
   564 | D        | Noticed a witch
   587 | D        | Killed a witch
   587 | D        | Arena points: 558 (+280) [x7]
   588 | D        | Reached skill level 10 in Fighting
   588 | D        | Reached XP level 9. HP: 79/79 MP: 9/9
   588 | D        | Got a decaying rune of Zot
   589 | D        | Reached XP level 10. HP: 86/86 MP: 10/10
   604 | D        | Bought a twisted tower shield for 332 gold pieces
   604 | D        | Identified the +4 tower shield "Lemiliunn" {rF- Str+4
                  | Dex+2} (You bought it in a shop in the Dungeon)
   783 | D        | Round 6.
   856 | D        | Reached skill level 5 in Invocations
   903 | D        | Arena points: 942 (+384) [x8]
   918 | D        | Bought a potion of resistance for 70 gold pieces
   947 | D        | Round 7.
   948 | D        | Noticed a cyan ugly thing
   948 | D        | Reached ****** piety under the Shining One
   955 | D        | The Shining One protects you from harm!
   963 | D        | Killed a cyan ugly thing
   979 | D        | Noticed a cyan ugly thing
   979 | D        | Noticed a cyan ugly thing
   991 | D        | Killed a cyan ugly thing
   992 | D        | Reached skill level 10 in Invocations
   992 | D        | Reached XP level 11. HP: 18/95 MP: 1/18
  1002 | D        | Killed a green ugly thing
  1046 | D        | Noticed a cyan ugly thing
  1050 | D        | Noticed a brown ugly thing
  1053 | D        | Killed a cyan ugly thing
  1054 | D        | Noticed a white ugly thing
  1060 | D        | Killed a brown ugly thing
  1067 | D        | Killed a white ugly thing
  1083 | D        | Noticed a purple ugly thing
  1094 | D        | Killed a purple ugly thing
  1094 | D        | Arena points: 1446 (+504) [x9]
  1110 | D        | Bought an amulet of regeneration for 450 gold pieces
  1151 | D        | Round 8.
  1207 | D        | Arena points: 2166 (+720) [x10]
  1217 | D        | Bought a pair of transparent boots for 332 gold pieces
  1217 | D        | Identified the +0 pair of boots of the Bespelled Ant {rPois
                  | Str+2 Stlth+} (You bought it in a shop in the Dungeon)
  1230 | D        | Bought a faintly glowing iron ring for 45 gold pieces
  1230 | D        | Identified the ring of Xemushra {Fly rPois rCorr Int+4
                  | Slay+6} (You bought it in a shop in the Dungeon)
  1230 | D        | Bought a heavily runed tin ring for 45 gold pieces
  1230 | D        | Identified the ring "Veinurgh" {rElec EV+4 Str+2 Int-3
                  | Slay+5} (You bought it in a shop in the Dungeon)
  1230 | D        | Bought a brightly glowing gossamer ring for 45 gold pieces
  1230 | D        | Identified the ring "Teaniop" {rPois rN+ Dex+6} (You bought
                  | it in a shop in the Dungeon)
  1230 | D        | Bought a scintillating glass ring for 45 gold pieces
  1230 | D        | Identified the ring "Apied" {Contam +Blink Slay+3 SInv
                  | Stlth+} (You bought it in a shop in the Dungeon)
  1238 | D        | Gained mutation: You are frail. (-10% HP) [mutagenic glow]
  1259 | D        | Round 9.
  1270 | D        | Noticed a deep elf zephyrmancer
  1285 | D        | Killed a deep elf zephyrmancer
  1285 | D        | Noticed a deep elf knight
  1292 | D        | Killed a deep elf knight
  1293 | D        | Reached skill level 15 in Shields
  1318 | D        | Noticed a deep elf archer
  1345 | D        | Killed a deep elf archer
  1364 | D        | Noticed a +6 flail of venom
  1371 | D        | Killed a +6 flail of venom
  1372 | D        | Reached skill level 5 in Armour
  1386 | D        | Noticed a deep elf zephyrmancer
  1391 | D        | Killed a deep elf zephyrmancer
  1403 | D        | Arena points: 3255 (+1089) [x11]
  1404 | D        | Reached XP level 12. HP: 96/96 MP: 22/22
  1463 | D        | Round 10.
  1484 | D        | Noticed a dimme
  1503 | D        | Killed a dimme
  1503 | D        | Arena points: 4425 (+1170) [x13]
  1504 | D        | Got a barnacled rune of Zot
  1516 | D        | Bought +0 gold dragon scales for 960 gold pieces
  1703 | D        | Round 11.
  1729 | D        | Gained mutation: Your body sometimes deteriorates upon
                  | taking damage. [a neqoxec]
  1773 | D        | Gained mutation: You occasionally shout uncontrollably at
                  | your foes. [a neqoxec]
  1809 | D        | Gained mutation: Potions are less effective at restoring
                  | your health. [a neqoxec]
  1846 | D        | Lost mutation: You are frail. (-10% HP) [a neqoxec]
  1848 | D        | Gained mutation: You frequently scream uncontrollably at
                  | your foes. [a neqoxec]
  1851 | D        | Arena points: 6273 (+1848) [x14]
  1868 | D        | Bought an ancient cloak for 332 gold pieces
  1868 | D        | Identified the +0 cloak of Bomitacw {Drain Int+8} (You
                  | bought it in a shop in the Dungeon)
  1870 | D        | Reached XP level 13. HP: 113/113 MP: 23/23
  1889 | D        | Bought 3 scrolls of silence for 225 gold pieces
  1908 | D        | Round 12.
  1920 | D        | Gained mutation: Your magical capacity is low. (-10% MP) [a
                  | shining eye]
  1935 | D        | Gained mutation: You are partially covered in iridescent
                  | scales. (AC +2) [a shining eye]
  1937 | D        | Gained mutation: Armour fits poorly on your strangely
                  | shaped body. [a shining eye]
  1942 | D        | Reached skill level 5 in Dodging
  1948 | D        | Gained mutation: Your body often deteriorates upon taking
                  | damage. [a shining eye]
  1969 | D        | Gained mutation: You are weak. (Str -2) [a shining eye]
  1982 | D        | Gained mutation: Your spells are a little easier to cast,
                  | but a little less powerful. [a shining eye]
  2008 | D        | Gained mutation: You are frail. (-10% HP) [a shining eye]
  2010 | D        | Gained mutation: Your spells are easier to cast, but less
                  | powerful. [a shining eye]
  2018 | D        | Gained mutation: You are dopey. (Int -2) [a shining eye]
  2018 | D        | Gained mutation: You are clumsy. (Dex -2) [a shining eye]
  2022 | D        | Gained mutation: You sometimes lose the ability to read
                  | scrolls when taking damage. [a shining eye]
  2040 | D        | Gained mutation: You are very frail. (-20% HP) [a shining
                  | eye]
  2042 | D        | Lost mutation: You are partially covered in iridescent
                  | scales. (AC +2) [a shining eye]
  2046 | D        | Gained mutation: You are very clumsy. (Dex -4) [a shining
                  | eye]
  2049 | D        | Arena points: 8433 (+2160) [x15]
  2050 | D        | Reached skill level 10 in Dodging
  2064 | D        | Bought a bloodstained cloak for 332 gold pieces
  2064 | D        | Identified the +2 cloak of Beogh's Reproof {Harm *Slow
                  | Int+3 Dex+8} (You bought it in a shop in the Dungeon)
  2082 | D        | Bought 3 scrolls of fog for 60 gold pieces
  2082 | D        | Bought a scroll of identify for 20 gold pieces
  2101 | D        | Bought a potion of mutation for 56 gold pieces
  2101 | D        | Lost mutation: You are dopey. (Int -2) [potion of mutation]
  2101 | D        | Lost mutation: Your magical capacity is low. (-10% MP)
                  | [potion of mutation]
  2101 | D        | Lost mutation: You sometimes lose the ability to read
                  | scrolls when taking damage. [potion of mutation]
  2101 | D        | Lost mutation: You are very frail. (-20% HP) [potion of
                  | mutation]
  2101 | D        | Gained mutation: You are dopey. (Int -2) [potion of
                  | mutation]
  2102 | D        | Bought 2 potions of mutation for 112 gold pieces
  2102 | D        | Lost mutation: You frequently scream uncontrollably at your
                  | foes. [potion of mutation]
  2102 | D        | Lost mutation: You are frail. (-10% HP) [potion of
                  | mutation]
  2102 | D        | Lost mutation: You occasionally shout uncontrollably at
                  | your foes. [potion of mutation]
  2102 | D        | Gained mutation: You are partially covered in large bone
                  | plates. (SH +4) [potion of mutation]
  2103 | D        | Lost mutation: Armour fits poorly on your strangely shaped
                  | body. [potion of mutation]
  2103 | D        | Lost mutation: You are weak. (Str -2) [potion of mutation]
  2103 | D        | Lost mutation: You are dopey. (Int -2) [potion of mutation]
  2103 | D        | Gained mutation: Your muscles are strong. (Str +2) [potion
                  | of mutation]
  2110 | D        | Round 13.
  2149 | D        | Noticed a centaur warrior
  2155 | D        | Killed a centaur warrior
  2165 | D        | Noticed Nessos
  2174 | D        | Killed Nessos
  2236 | D        | Noticed a centaur warrior
  2242 | D        | Killed a centaur warrior
  2243 | D        | Reached skill level 15 in Fighting
  2255 | D        | Arena points: 11137 (+2704) [x16]
  2262 | D        | Bought 8 scrolls of enchant weapon for 600 gold pieces
  2276 | D        | Identified a +9 executioner's axe of holy wrath (a +9
                  | executioner's axe of electrocution blessed by the Shining
                  | One)
  2276 | D        | Received a gift from the Shining One
  2296 | D        | Bought a flickering pewter amulet for 45 gold pieces
  2296 | D        | Identified the amulet "Zycseffeo" {Acrobat +Inv rF+ Str+2}
                  | (You bought it in a shop in the Dungeon)
  2310 | D        | Round 14.
  2313 | D        | Gained mutation: You sometimes lose the ability to read
                  | scrolls when taking damage. [a shining eye]
  2318 | D        | Reached XP level 14. HP: 123/123 MP: 24/24
  2318 | D        | Gained mutation: Potions cannot restore your health. [a
                  | shining eye]
  2320 | D        | Lost mutation: You sometimes lose the ability to read
                  | scrolls when taking damage. [a shining eye]
  2321 | D        | Gained mutation: You do not regenerate when monsters are
                  | visible. [a shining eye]
  2325 | D        | Lost mutation: You are very clumsy. (Dex -4) [a shining
                  | eye]
  2333 | D        | Lost mutation: Potions cannot restore your health. [a
                  | shining eye]
  2339 | D        | Gained mutation: You occasionally shout uncontrollably at
                  | your foes. [a shining eye]
  2345 | D        | Gained mutation: Your magical capacity is low. (-10% MP) [a
                  | shining eye]
  2345 | D        | Gained mutation: You frequently scream uncontrollably at
                  | your foes. [a shining eye]
  2345 | D        | Gained mutation: Armour fits poorly on your strangely
                  | shaped body. [a shining eye]
  2350 | D        | Lost mutation: Your muscles are strong. (Str +2) [a shining
                  | eye]
  2352 | D        | Gained mutation: You are dopey. (Int -2) [a shining eye]
  2358 | D        | Gained mutation: You are very clumsy. (Dex -4) [a shining
                  | eye]
  2363 | D        | Gained mutation: You are very dopey. (Int -4) [a shining
                  | eye]
  2363 | D        | Gained mutation: You sometimes lose the ability to read
                  | scrolls when taking damage. [a shining eye]
  2373 | D        | Arena points: 14231 (+3094) [x17]
  2387 | D        | Bought 6 potions of might for 168 gold pieces
  2387 | D        | Bought 6 potions of attraction for 126 gold pieces
  2388 | D        | Bought 6 potions of might for 168 gold pieces
  2403 | D        | Round 15.
  2411 | D        | Bought a glittering ruby amulet for 45 gold pieces
  2411 | D        | Identified the amulet of Edoxatu {RegenMP rN+ rCorr Int+5
                  | Slay-4} (You bought it in a shop in the Dungeon)
  2411 | D        | Bought a scorched pewter amulet for 45 gold pieces
  2411 | D        | Identified the amulet "Ydexke" {Spirit -Cast rC+ rN+ Str+5}
                  | (You bought it in a shop in the Dungeon)
  2411 | D        | Bought a heavily runed ruby amulet for 45 gold pieces
  2411 | D        | Identified the amulet of Pithroxt {Acrobat Regen+ Str+2
                  | Stlth+} (You bought it in a shop in the Dungeon)
  2411 | D        | Bought a shimmering platinum ring for 45 gold pieces
  2411 | D        | Identified the ring of the Duke {+Blink rC+ Slay+3} (You
                  | bought it in a shop in the Dungeon)
  2411 | D        | Bought a scintillating marble ring for 45 gold pieces
  2411 | D        | Identified the ring "Qaanwadwa" {rN+ Will+ Dex+4 Stlth-}
                  | (You bought it in a shop in the Dungeon)
  2411 | D        | Bought a steaming silver amulet for 45 gold pieces
  2411 | D        | Identified the amulet "Caits" {Reflect -Tele Regen+ Dex+2
                  | SH+5 SInv} (You bought it in a shop in the Dungeon)
  2432 | D        | Noticed Agnes
  2447 | D        | Killed Agnes
  2447 | D        | Identified the amulet of Creativity {RegenMP -Tele rN++
                  | Regen+ SInv} (You found it in the Dungeon)
  2447 | D        | Arena points: 17366 (+3135) [x19]
  2450 | D        | Got a mossy rune of Zot
  2478 | D        | Bought a pair of warped boots for 332 gold pieces
  2478 | D        | Identified the +0 pair of boots "Jabenn" {Str+3} (You
                  | bought it in a shop in the Dungeon)
  2478 | D        | Bought a pair of slimy gloves for 332 gold pieces
  2478 | D        | Identified the +2 pair of gloves "Xopey" {rF+ Int+2 Dex+4}
                  | (You bought it in a shop in the Dungeon)
  2506 | D        | Bought a warped ruby amulet for 45 gold pieces
  2506 | D        | Identified the amulet "Hyenyrr" {Faith *Slow Str+8 Slay-4
                  | SInv} (You bought it in a shop in the Dungeon)
  2637 | D        | Round 16.
  2717 | D        | Noticed a death cob
  2729 | D        | Killed a death cob
  2730 | D        | Noticed a death cob
  2737 | D        | Killed a death cob
  2743 | D        | Noticed a death cob
  2751 | D        | Killed a death cob
  2759 | D        | Noticed a death cob
  2771 | D        | Killed a death cob
  2781 | D        | Reached XP level 15. HP: 120/136 MP: 22/22
  2805 | D        | Arena points: 22166 (+4800) [x20]
  2826 | D        | Bought 4 scrolls of enchant armour for 300 gold pieces
  2826 | D        | Bought 4 scrolls of enchant armour for 300 gold pieces
  2841 | D        | Round 17.
  2843 | D        | Noticed a nagaraja
  2852 | D        | Killed a nagaraja
  2854 | D        | Noticed a nagaraja
  2861 | D        | Killed a nagaraja
  2869 | D        | Bought 3 potions of mutation for 168 gold pieces
  2869 | D        | Bought a potion of curing for 21 gold pieces
  2872 | D        | Reached XP level 16. HP: 143/143 MP: 23/23
  2911 | D        | Noticed a nagaraja
  2914 | D        | Noticed a nagaraja
  2920 | D        | Killed a nagaraja
  2925 | D        | Killed a nagaraja
  3001 | D        | Arena points: 26450 (+4284) [x21]
  3017 | D        | Bought a potion of mutation for 56 gold pieces
  3017 | D        | Bought 3 potions of mutation for 168 gold pieces
  3017 | D        | Bought 2 potions of mutation for 112 gold pieces
  3017 | D        | Bought a potion of mutation for 56 gold pieces
  3024 | D        | Bought 3 potions of heal wounds for 105 gold pieces
  3034 | D        | Round 18.
  3042 | D        | Bought 4 scrolls of enchant armour for 300 gold pieces
  3076 | D        | Noticed a bone dragon
  3084 | D        | Killed a bone dragon
  3117 | D        | Noticed a death cob
  3121 | D        | Killed a death cob
  3124 | D        | Noticed a death cob
  3127 | D        | Killed a death cob
  3142 | D        | Bought a wavering sapphire amulet for 45 gold pieces
  3142 | D        | Identified the amulet of Division {Acrobat rPois} (You
                  | bought it in a shop in the Dungeon)
  3167 | D        | Arena points: 32390 (+5940) [x22]
  3187 | D        | Bought a spiked kite shield for 332 gold pieces
  3187 | D        | Identified the -6 kite shield "Fejuod" {rCorr Slay+3} (You
                  | bought it in a shop in the Dungeon)
  3201 | D        | Bought a quad damage for 400 gold pieces
  3218 | D        | Bought 4 potions of curing for 84 gold pieces
  3233 | D        | Round 19.
  3283 | D        | Reached skill level 15 in Invocations
  3335 | D        | Arena points: 38071 (+5681) [x23]
  3357 | D        | Bought 5 potions of heal wounds for 500 gold pieces
  3357 | D        | Bought a quad damage for 400 gold pieces
  3357 | D        | Bought 3 javelins for 48 gold pieces
  3383 | D        | Round 20.
  3403 | D        | Noticed Mara
  3411 | D        | Reached skill level 15 in Armour
  3411 | D        | Noticed sasquatch's illusion
  3437 | D        | Noticed sasquatch's illusion
  3442 | D        | Killed Mara
  3442 | D        | Arena points: 44571 (+6500) [x25]
  3443 | D        | Reached skill level 15 in Dodging
  3443 | D        | Reached XP level 17. HP: 134/155 MP: 25/25
  3443 | D        | Got a silver rune of Zot
  3445 | D        | Reached XP level 18. HP: 143/162 MP: 26/26
  3451 | D        | Bought 3 potions of heal wounds for 105 gold pieces
  3451 | D        | Bought 3 potions of heal wounds for 105 gold pieces
  3452 | D        | Bought 2 potions of experience for 600 gold pieces
  3452 | D        | Reached XP level 19. HP: 159/169 MP: 27/27
  3453 | D        | Reached XP level 20. HP: 167/176 MP: 28/28
  3462 | D        | Lost mutation: Your magical capacity is low. (-10% MP)
                  | [potion of mutation]
  3462 | D        | Lost mutation: Armour fits poorly on your strangely shaped
                  | body. [potion of mutation]
  3462 | D        | Gained mutation: You are partially covered in iridescent
                  | scales. (AC +2) [potion of mutation]
  3497 | D        | Bought a potion of experience for 300 gold pieces
  3497 | D        | Reached XP level 21. HP: 183/183 MP: 32/32
  3635 | D        | Round 21.
  3644 | D        | Reached skill level 10 in Evocations
  3743 | D        | Arena points: 52215 (+7644) [x26]
  3784 | D        | Bought a +0 cloak for 54 gold pieces
  3805 | D        | Bought 6 potions of resistance for 420 gold pieces
  3805 | D        | Bought 6 potions of attraction for 126 gold pieces
  3813 | D        | Round 22.
  3820 | D        | Bought a quad damage for 400 gold pieces
  3925 | D        | Noticed Geryon
  3929 | D        | Killed Geryon
  3935 | D        | Arena points: 60531 (+8316) [x27]
  3951 | D        | Bought 3 scrolls of magic mapping for 210 gold pieces
  3951 | D        | Bought 5 potions of heal wounds for 500 gold pieces
  3954 | D        | Bought a potion of resistance for 150 gold pieces
  4015 | D        | Round 23.
  4039 | D        | Reached skill level 27 in Axes
  4047 | D        | Noticed a doom hound
  4054 | D        | Killed a doom hound
  4065 | D        | Noticed a bone dragon
  4068 | D        | Noticed a Tzitzimitl
  4069 | D        | Killed a bone dragon
  4071 | D        | Killed a Tzitzimitl
  4106 | D        | Noticed a Tzitzimitl
  4110 | D        | Killed a Tzitzimitl
  4147 | D        | Noticed an ancient lich
  4153 | D        | Killed an ancient lich
  4154 | D        | Reached skill level 27 in Fighting
  4163 | D        | Reached XP level 22. HP: 212/212 MP: 33/33
  4167 | D        | Arena points: 73411 (+12880) [x28]
  4209 | D        | Round 24.
  4346 | D        | Arena points: 84547 (+11136) [x29]
  4365 | D        | Bought 3 potions of experience for 900 gold pieces
  4365 | D        | Reached XP level 23. HP: 219/219 MP: 34/34
  4366 | D        | Reached XP level 24. HP: 227/227 MP: 34/34
  4367 | D        | Reached XP level 25. HP: 234/234 MP: 34/34
  4383 | D        | Bought 3 scrolls of silence for 225 gold pieces
  4383 | D        | Bought 5 scrolls of fog for 100 gold pieces
  4399 | D        | Bought 4 potions of curing for 84 gold pieces
  4399 | D        | Bought 3 potions of heal wounds for 105 gold pieces
  4399 | D        | Bought 3 potions of heal wounds for 105 gold pieces
  4412 | D        | Round 25.
  4418 | D        | Gained mutation: Armour fits poorly on your strangely
                  | shaped body. [a shining eye]
  4438 | D        | Arena points: 95397 (+10850) [x31]
  4439 | D        | Got a slimy rune of Zot
  4441 | D        | Lost mutation: You sometimes lose the ability to read
                  | scrolls when taking damage. [potion of mutation]
  4441 | D        | Lost mutation: You are very clumsy. (Dex -4) [potion of
                  | mutation]
  4441 | D        | Gained mutation: You are frail. (-10% HP) [potion of
                  | mutation]
  4442 | D        | Lost mutation: Your body often deteriorates upon taking
                  | damage. [potion of mutation]
  4442 | D        | Lost mutation: You are partially covered in large bone
                  | plates. (SH +4) [potion of mutation]
  4442 | D        | Lost mutation: You do not regenerate when monsters are
                  | visible. [potion of mutation]
  4442 | D        | Gained mutation: You are very frail. (-20% HP) [potion of
                  | mutation]
  4443 | D        | Lost mutation: You frequently scream uncontrollably at your
                  | foes. [potion of mutation]
  4443 | D        | Lost mutation: Armour fits poorly on your strangely shaped
                  | body. [potion of mutation]
  4443 | D        | Lost mutation: You are very frail. (-20% HP) [potion of
                  | mutation]
  4443 | D        | Lost mutation: You are clumsy. (Dex -2) [potion of
                  | mutation]
  4443 | D        | Gained mutation: You are strong-willed. (Will+) [potion of
                  | mutation]
  4443 | D        | Gained mutation: Your flesh is cold resistant. (rC+)
                  | [potion of mutation]
  4462 | D        | Bought 3 potions of experience for 900 gold pieces
  4462 | D        | Bought a potion of experience for 300 gold pieces
  4462 | D        | Reached XP level 26. HP: 217/217 MP: 34/34
  4463 | D        | Reached XP level 27. HP: 224/224 MP: 34/34
  4639 | D        | Round 26.
  4651 | D        | Reached skill level 15 in Evocations
  4730 | D        | Reached skill level 27 in Shields
  4763 | D        | Reached skill level 27 in Armour
  4784 | D        | Arena points: 113701 (+18304) [x32]
  4794 | D        | Bought 4 potions of curing for 84 gold pieces
  4794 | D        | Bought 4 potions of curing for 84 gold pieces
  4794 | D        | Bought 4 potions of curing for 84 gold pieces
  4794 | D        | Bought 3 potions of heal wounds for 105 gold pieces
  4837 | D        | Round 27.
  4848 | D        | Noticed a Killer Klown
  4865 | D        | Killed a Killer Klown
  4947 | D        | Noticed an orb of fire
  4950 | D        | Noticed a Killer Klown
  4951 | D        | Gained mutation: You are clumsy. (Dex -2) [an orb of fire]
  4952 | D        | Found the +4 dragonskin cloak
  4952 | D        | Noticed Tiamat
  4957 | D        | Killed an orb of fire
  4957 | D        | Noticed a juggernaut
  4957 | D        | a Killer Klown changed into a juggernaut
  4967 | D        | Killed a juggernaut
  4987 | D        | Killed Tiamat
  5009 | D        | Noticed an ancient lich
  5012 | D        | Killed an ancient lich
  5016 | D        | Arena points: 127957 (+14256) [x33]
  5216 | D        | Round 28.
  5224 | D        | Gained mutation: Potions cannot restore your health. [a
                  | shining eye]
  5225 | D        | Gained mutation: Your body often deteriorates upon taking
                  | damage. [a shining eye]
  5232 | D        | Gained mutation: You sometimes lose the ability to read
                  | scrolls when taking damage. [a shining eye]
  5260 | D        | Gained mutation: Your magical capacity is low. (-10% MP) [a
                  | shining eye]
  5260 | D        | Gained mutation: Your magical capacity is very low. (-20%
                  | MP) [a shining eye]
  5263 | D        | Gained mutation: You are very clumsy. (Dex -4) [a shining
                  | eye]
  5272 | D        | Gained mutation: You are very frail. (-20% HP) [a shining
                  | eye]
  5275 | D        | Gained mutation: You are weak. (Str -2) [a shining eye]
  5278 | D        | Gained mutation: Your spells are much easier to cast, but
                  | much less powerful. [a shining eye]
  5284 | D        | Gained mutation: Your magical capacity is extremely low.
                  | (-30% MP) [a shining eye]
  5287 | D        | Gained mutation: You do not regenerate when monsters are
                  | visible. [a shining eye]
  5292 | D        | Gained mutation: You are very weak. (Str -4) [a shining
                  | eye]
  5298 | D        | Lost mutation: Your spells are much easier to cast, but
                  | much less powerful. [a shining eye]
  5338 | D        | Gained mutation: Armour fits poorly on your strangely
                  | shaped body. [a shining eye]
  5340 | D        | Lost mutation: Your body often deteriorates upon taking
                  | damage. [a shining eye]
  5342 | D        | Arena points: 143189 (+15232) [x34]
  5345 | D        | Lost mutation: Your body sometimes deteriorates upon taking
                  | damage. [potion of mutation]
  5345 | D        | Lost mutation: You are very dopey. (Int -4) [potion of
                  | mutation]
  5345 | D        | Lost mutation: Your magical capacity is extremely low.
                  | (-30% MP) [potion of mutation]
  5345 | D        | Lost mutation: Your spells are easier to cast, but less
                  | powerful. [potion of mutation]
  5346 | D        | Lost mutation: You are dopey. (Int -2) [potion of mutation]
  5346 | D        | Lost mutation: You sometimes lose the ability to read
                  | scrolls when taking damage. [potion of mutation]
  5346 | D        | Lost mutation: Potions cannot restore your health. [potion
                  | of mutation]
  5347 | D        | Lost mutation: You do not regenerate when monsters are
                  | visible. [potion of mutation]
  5347 | D        | Lost mutation: Your flesh is cold resistant. (rC+) [potion
                  | of mutation]
  5347 | D        | Gained mutation: You are somewhat resistant to further
                  | mutation. [potion of mutation]
  5363 | D        | Lost mutation: Your magical capacity is very low. (-20% MP)
                  | [potion of mutation]
  5363 | D        | Lost mutation: You are very frail. (-20% HP) [potion of
                  | mutation]
  5363 | D        | Lost mutation: Armour fits poorly on your strangely shaped
                  | body. [potion of mutation]
  5397 | D        | Round 29.
  5505 | D        | Noticed an orb of fire
  5512 | D        | Killed an orb of fire
  5513 | D        | Reached skill level 27 in Invocations
  5536 | D        | Noticed an orb of fire
  5552 | D        | Killed an orb of fire
  5552 | D        | Arena points: 164504 (+21315) [x35]
  5584 | D        | Round 30.
  5588 | D        | Noticed Mnoleg
  5598 | D        | Killed Mnoleg
  5598 | D        | Identified the amulet of Rauv {RegenMP rN+ MP+9} (You found
                  | it in the Dungeon)
  5598 | D        | Arena points: 182264 (+17760) [x37]
  5599 | D        | Reached skill level 27 in Dodging
  5599 | D        | Got a glowing rune of Zot
  5770 | D        | Round 31.
  5785 | D        | Reached skill level 10 in Throwing
  5883 | D        | Arena points: 208180 (+25916) [x38]
  5928 | D        | Bought 5 scrolls of fog for 100 gold pieces
  5928 | D        | Bought 4 scrolls of fog for 80 gold pieces
  5929 | D        | Bought a scroll of fog for 20 gold pieces
  5929 | D        | Bought 4 scrolls of enchant armour for 300 gold pieces
  5929 | D        | Bought 8 scrolls of enchant weapon for 600 gold pieces
  5929 | D        | Bought 4 scrolls of fog for 80 gold pieces
  5929 | D        | Bought 3 scrolls of fog for 60 gold pieces
  5944 | D        | Round 32.
  5949 | D        | Noticed an orb of fire
  5953 | D        | Noticed an orb of fire
  5956 | D        | Noticed an orb of fire
  5957 | D        | Noticed an orb of fire
  5960 | D        | Noticed an orb of fire
  5962 | D        | Noticed an orb of fire
  5963 | D        | Killed an orb of fire
  5964 | D        | Reached skill level 15 in Throwing
  5964 | D        | Gained mutation: You are dopey. (Int -2) [an orb of fire]
  5964 | D        | Noticed an orb of fire
  5967 | D        | Killed an orb of fire
  5970 | D        | The Shining One protects you from harm!
  5974 | D        | HP: 2/224 [orb of fire/fireball (14)]
  5974 | D        | Killed from afar by an orb of fire

Illustrated notes

Levels and vault maps discovered:
D:        arena_sprint

Skill      XL: |  1  2  3  4  5  6  7  8  9 10 11 12 13 14 15 16 17 18 19 20 21 22 23 24 25 26 27 |
---------------+----------------------------------------------------------------------------------+-----
Axes           | 3 8 9 12 14 16 17 22 23 26 27 | 27.0
Shields        | 5 9 12 15 18 24 25 27 | 27.0
Fighting       | 10 12 14 15 18 20 27 | 27.0
Invocations    | 10 14 15 27 | 27.0
Armour         | 7 13 14 15 20 24 27 | 27.0
Dodging        | 4 10 15 27 | 27.0
Evocations     | 6 8 9 10 11 12 13 14 17 | 17.7
Throwing       | 15 | 15.0
Stealth        | 12 | 12.7

Action                   |  1- 3 |  4- 6 |  7- 9 | 10-12 | 13-15 | 16-18 | 19-21 | 22-24 | 25-27 || total
-------------------------+-------+-------+-------+-------+-------+-------+-------+-------+-------++-------
Melee: War axe           |    12 |    23 |    52 |   188 |   198 |    29 |       |       |       ||   502
       Executioner's axe |       |       |       |       |       |    61 |   116 |    38 |   245 ||   460
Invok: Divine Shield     |       |       |     1 |     3 |     2 |     1 |       |       |     6 ||    13
       Summon Divine War |       |       |       |     1 |     1 |       |       |       |       ||     2
       Brand Weapon With |       |       |       |       |     1 |       |       |       |       ||     1
       Cleansing Flame   |       |       |       |       |       |       |       |       |     3 ||     3
  Use: Potion            |       |       |     1 |     9 |     4 |     2 |     3 |     3 |    21 ||    43
       Scroll            |       |       |       |       |    18 |     4 |     1 |       |     7 ||    30
Armor: Scale mail        |     5 |     5 |     2 |    16 |       |       |       |       |       ||    28
       Gold dragon scale |       |       |       |       |    19 |     9 |    15 |    19 |    16 ||    78
Dodge: Dodged            |     6 |     2 |    14 |    16 |    15 |    11 |    17 |     5 |    49 ||   135
Block: Kite shield       |     5 |     6 |    16 |    31 |       |       |       |       |       ||    58
       Tower shield      |       |       |       |    57 |   192 |   112 |   114 |    55 |   182 ||   712
       Reflection        |       |       |       |       |     3 |    27 |    10 |       |     1 ||    41
